[Event "Team 45 45 League T94"]
[Site "Internet Chess Club"]
[Date "2022.12.03"]
[Round "8"]
[White "AlekMoro"]
[Black "ElValero"]
[Result "1-0"]
[WhiteElo "1844"]
[BlackElo "1700"]
[Opening "Trompowsky attack (Ruth, Opocenský opening)"]
[ECO "A45"]
[Time "14:13:36"]
[PlyCount "41"]
[TimeControl "2700+45"]

1. d4 Nf6 2. Bg5 d5 3. Bxf6 gxf6 4. e3 Bf5 5. c4 c6 6. Nc3 e6 7. cxd5 exd5 8.
Nge2 Qb6 9. Qd2 Bb4 10. Ng3 Bc8 11. Bd3 Nd7 12. O-O h5 13. a3 Bxc3 14. bxc3 Nf8
15. c4 dxc4 16. Bxc4 h4 17. Ne4 Qd8 18. Qb4 Qe7 19. Nd6+ Kd7 20. Nxc8 Kxc8 21.
Qxe7 {Black resigns} 1-0

[Event "Team 45 45 League T94"]
[Site "Internet Chess Club"]
[Date "2022.12.04"]
[Round "8"]
[White "VictorRed"]
[Black "BuddyT"]
[Result "0-1"]
[WhiteElo "1622"]
[BlackElo "1709"]
[Opening "QGD: Ragozin variation"]
[ECO "D38"]
[Time "20:02:23"]
[PlyCount "70"]
[TimeControl "2700+45"]

1. c4 Nf6 2. Nf3 e6 3. Nc3 d5 4. d4 Bb4 5. Bd2 O-O 6. e3 b6 7. a3 Bxc3 8. Bxc3
Ne4 9. Qc2 Nxc3 10. Qxc3 Bb7 11. O-O-O c5 12. dxc5 bxc5 13. cxd5 exd5 14. Qxc5
Na6 15. Qd4 Rc8+ 16. Kb1 Nc5 17. Nd2 Ne6 18. Qxa7 Qc7 19. Qa4 d4 20. exd4 Rfd8
21. Nf3 Bd5 22. Bd3 Ra8 23. Qc2 Qb7 24. Bxh7+ Kh8 25. Ka1 Rdc8 26. Qd3 Nf4 27.
Qb1 Qb3 28. Rd2 g6 29. Ng5 Rxa3+ 30. bxa3 Qxa3+ 31. Ra2 Bxa2 32. Qxa2 Qc3+ 33.
Qb2 Ra8+ 34. Kb1 Qd3+ 35. Qc2 Rb8+ {White resigns} 0-1

[Event "Team 45 45 League T94"]
[Site "Internet Chess Club"]
[Date "2022.12.03"]
[Round "8"]
[White "jfkingiii"]
[Black "julesraider"]
[Result "0-1"]
[WhiteElo "1495"]
[BlackElo "1633"]
[Opening "Caro-Kann: classical, Spassky variation"]
[ECO "B19"]
[Time "19:00:17"]
[PlyCount "54"]
[TimeControl "2700+45"]

1. e4 c6 2. d4 d5 3. Nc3 dxe4 4. Nxe4 Bf5 5. Ng3 Bg6 6. h4 h6 7. Nf3 Nd7 8. h5
Bh7 9. Bd3 Bxd3 10. Qxd3 e6 11. Bd2 Ngf6 12. O-O-O Be7 13. Ne4 Nxe4 14. Qxe4 Nf6
15. Qe2 Qd5 16. Kb1 b5 17. Be3 a5 18. Ne5 a4 19. g4 Ne4 20. Rdg1 a3 21. c3 axb2
22. Qxb2 Rxa2 23. Bc1 Rxb2+ 24. Bxb2 Qb3 25. Kc1 Bg5+ 26. Kb1 Nxc3+ 27. Ka1 Qa2#
{White checkmated} 0-1

[Event "Team 45 45 League T94"]
[Site "Internet Chess Club"]
[Date "2022.12.03"]
[Round "8"]
[White "kabindra"]
[Black "isolani"]
[Result "0-1"]
[WhiteElo "1665"]
[BlackElo "1342"]
[Opening "Scandinavian: Pytel-Wade variation"]
[ECO "B01"]
[Time "16:00:20"]
[PlyCount "78"]
[TimeControl "2700+45"]

1. e4 d5 2. exd5 Qxd5 3. Nc3 Qd6 4. Nf3 c6 5. d4 Bg4 6. h3 Bh5 7. g4 Bg6 8. Ne5
Nd7 9. Nc4 Qc7 10. f4 e6 11. Be3 Ngf6 12. Bg2 Be7 13. Qd2 O-O 14. O-O-O a5 15.
f5 exf5 16. Bf4 Qd8 17. g5 Ne4 18. Qe3 Nxc3 19. Qxc3 Bxg5 20. Qg3 Qc7 21. Rdf1
Bxf4+ 22. Rxf4 Nf6 23. Qh4 Rfe8 24. Bf3 Ng4 25. Qg3 Ne3 26. Ne5 Rxe5 27. dxe5
Qxe5 28. h4 h5 29. Re1 Qc5 30. Bd1 Ng4 31. Bxg4 fxg4 32. Qf2 Qd5 33. Kb1 Rd8 34.
b3 g3 35. Qxg3 a4 36. Qc3 axb3 37. Qxb3 Qd2 38. Rff1 Rd4 39. Rg1 Rb4 {White
resigns} 0-1

[Event "Team 45 45 League T94"]
[Site "Internet Chess Club"]
[Date "2022.12.05"]
[Round "8"]
[White "MrAbendroth"]
[Black "hipopotamos"]
[Result "0-1"]
[WhiteElo "1615"]
[BlackElo "1761"]
[Opening "Ruy Lopez: Schliemann defense, Berger variation"]
[ECO "C63"]
[Time "15:18:47"]
[PlyCount "48"]
[TimeControl "2700+45"]

1. e4 e5 2. Nf3 Nc6 3. Bb5 f5 4. Nc3 fxe4 5. Nxe4 d5 6. Nc3 Bg4 7. d3 Nf6 8. h3
Bxf3 9. Qxf3 Bc5 10. Bg5 O-O 11. Bxc6 bxc6 12. O-O Qd7 13. Qe2 Qf5 14. Bd2 Rae8
15. Rac1 e4 16. dxe4 Nxe4 17. Nxe4 Rxe4 18. Qd3 Bxf2+ 19. Kh1 Qe5 20. Bc3 Qe6
21. Bxg7 Rf7 22. Bc3 Re3 23. Rce1 Bxe1 24. Rxf7 Rxd3 {White resigns} 0-1

[Event "Team 45 45 League T94"]
[Site "Internet Chess Club"]
[Date "2022.12.02"]
[Round "8"]
[White "qs16"]
[Black "Egmont"]
[Result "1/2-1/2"]
[WhiteElo "1661"]
[BlackElo "1607"]
[Opening "Queen's pawn game"]
[ECO "D00"]
[Time "03:03:02"]
[PlyCount "42"]
[TimeControl "2700+45"]

1. d4 d5 2. Nd2 Nf6 3. e3 c6 4. Bd3 Nbd7 5. f4 c5 6. c3 cxd4 7. cxd4 e6 8. Ngf3
Be7 9. O-O O-O 10. Ne5 Re8 11. Rf3 Nxe5 12. fxe5 Nd7 13. Bxh7+ Kxh7 14. Rh3+ Kg8
15. Qh5 f6 16. Nf3 Rf8 17. Bd2 Qe8 18. Qh7+ Kf7 19. Qh5+ Kg8 20. Qh7+ Kf7 21.
Qh5+ Kg8 {Game drawn by repetition} 1/2-1/2

[Event "Team 45 45 League T94"]
[Site "Internet Chess Club"]
[Date "2022.12.02"]
[Round "8"]
[White "LoseOften"]
[Black "BlueStorm"]
[Result "1-0"]
[WhiteElo "1706"]
[BlackElo "1546"]
[Opening "Pirc: Austrian attack"]
[ECO "B09"]
[Time "13:00:30"]
[PlyCount "57"]
[TimeControl "2700+45"]

1. e4 d6 2. d4 Nf6 3. Nc3 g6 4. f4 Bg7 5. Nf3 Bg4 6. h3 Bxf3 7. Qxf3 Nc6 8. Be3
a6 9. O-O-O b5 10. e5 Na5 11. exf6 Bxf6 12. g4 Rb8 13. Nd5 Bg7 14. f5 c6 15. Nb4
Kd7 16. Bg2 Qb6 17. Rhe1 Kc7 18. d5 c5 19. Bxc5 dxc5 20. Rxe7+ Kd6 21. f6 Bh6+
22. Kb1 cxb4 23. Qg3+ Kc5 24. Rc7+ Nc6 25. Rxc6+ Qxc6 26. dxc6 Rhd8 27. Qf2+ Kc4
28. b3+ Kc3 29. Qf3+ {Black resigns} 1-0

[Event "Team 45 45 League T94"]
[Site "Internet Chess Club"]
[Date "2022.12.04"]
[Round "8"]
[White "cyborg86"]
[Black "ZenoElea"]
[Result "1-0"]
[WhiteElo "2291"]
[BlackElo "1794"]
[Opening "Giuoco Piano"]
[ECO "C54"]
[Time "13:33:20"]
[PlyCount "65"]
[TimeControl "2700+45"]

1. e4 e5 2. Nf3 Nc6 3. Bc4 Bc5 4. c3 Nf6 5. d3 O-O 6. O-O d6 7. Nbd2 a5 8. Bb3
Qe7 9. Re1 Be6 10. Ba4 Bd7 11. Nf1 Rab8 12. Ng3 b5 13. Bc2 b4 14. h3 bxc3 15.
bxc3 Ba7 16. Nh4 d5 17. Nhf5 Qc5 18. Be3 Qxc3 19. Bxa7 Nxa7 20. d4 Rfe8 21. Re3
Qc6 22. dxe5 Bxf5 23. exf6 Bxe4 24. Bxe4 dxe4 25. fxg7 Nb5 26. Rc1 Qd6 27. Qg4
Qg6 28. Qf4 Nd6 29. Rxc7 Rb4 30. Rc5 a4 31. Nh5 f5 32. Qh4 Nb7 33. Nf6+ {Black
resigns} 1-0

[Event "Team 45 45 League T94"]
[Site "Internet Chess Club"]
[Date "2022.12.05"]
[Round "8"]
[White "martineden"]
[Black "Alec-hine"]
[Result "1/2-1/2"]
[WhiteElo "1841"]
[BlackElo "1824"]
[Opening "Queen's pawn game"]
[ECO "D02"]
[Time "11:07:55"]
[PlyCount "48"]
[TimeControl "2700+45"]

1. d4 d5 2. Nf3 e6 3. c4 a6 4. Nc3 dxc4 5. a4 Nc6 6. e4 Na5 7. Be2 Nf6 8. O-O c5
9. e5 Nd5 10. Bg5 Qc7 11. Rc1 h6 12. Bh4 cxd4 13. Nxd5 exd5 14. Nxd4 Bc5 15. Bf3
Bxd4 16. Qxd4 Nb3 17. Qxd5 Nxc1 18. Rxc1 Be6 19. Qe4 O-O 20. h3 Qc5 21. Bd1 Qd5
22. Qf4 Rfe8 23. Bc2 Bc8 24. Rd1 Qc5 {Game drawn by mutual agreement} 1/2-1/2

[Event "Team 45 45 League T94"]
[Site "Internet Chess Club"]
[Date "2022.12.05"]
[Round "8"]
[White "timcent"]
[Black "bobhill"]
[Result "1-0"]
[WhiteElo "1848"]
[BlackElo "1814"]
[Opening "QGD: Charousek (Petrosian) variation"]
[ECO "D31"]
[Time "21:06:20"]
[PlyCount "121"]
[TimeControl "2700+45"]

1. d4 d5 2. c4 e6 3. Nc3 Be7 4. cxd5 exd5 5. Bf4 Nf6 6. e3 O-O 7. Bd3 c6 8. Nge2
Nbd7 9. O-O Re8 10. Qc2 Nf8 11. Rae1 Ng6 12. Bg3 Bg4 13. f3 Bd7 14. Bf2 Bd6 15.
Ng3 a6 16. e4 dxe4 17. fxe4 Ng4 18. e5 Bc7 19. Nge4 Be6 20. Nc5 b6 21. Nxe6 fxe6
22. Bxg6 hxg6 23. Qxg6 Nxf2 24. Rxf2 Re7 25. Ne4 Qxd4 26. Ng5 Qh4 27. Nf3 Qh6
28. Qg3 b5 29. Rfe2 Bb6+ 30. Kh1 Rf8 31. Re4 Ref7 32. Rh4 Rxf3 33. gxf3 Qd2 34.
Rf1 Qxb2 35. Qh3 Qxe5 36. Re4 Qf5 37. Qxf5 exf5 38. Re6 Rf6 39. Rxf6 gxf6 40.
Rd1 Bc5 41. Rc1 Bd4 42. Rxc6 a5 43. Rd6 Bc3 44. Rd5 f4 45. Rxb5 Kf7 46. Kg2 Kg6
47. Kf1 Bd2 48. Ke2 Bc3 49. Kd3 Be1 50. Ke4 Bd2 51. a4 Kf7 52. Kf5 Bc3 53. Rb7+
Ke8 54. Kxf4 Be5+ 55. Kf5 Kd8 56. h4 Kc8 57. Rb5 Bc3 58. h5 Bb4 59. h6 Bf8 60.
Kg6 Kc7 61. h7 {Black resigns} 1-0

[Event "Team 45 45 League T94"]
[Site "Internet Chess Club"]
[Date "2022.12.05"]
[Round "8"]
[White "discipulo"]
[Black "DaveTheRook"]
[Result "1-0"]
[WhiteElo "1689"]
[BlackElo "1395"]
[Opening "English: ultra-symmetrical variation"]
[ECO "A36"]
[Time "17:00:46"]
[PlyCount "83"]
[TimeControl "2700+45"]

1. c4 c5 2. g3 g6 3. Bg2 Bg7 4. Nc3 Nc6 5. a3 d6 6. Rb1 Nf6 7. b4 O-O 8. b5 Nb8
9. Nf3 Nbd7 10. O-O Rb8 11. d3 Re8 12. a4 b6 13. Bd2 Bb7 14. Qc2 Qc7 15. Qa2 Ne5
16. Nxe5 Bxg2 17. Kxg2 dxe5 18. Nd5 Nxd5 19. cxd5 e6 20. dxe6 Rxe6 21. Be3 Qb7+
22. f3 Ree8 23. a5 Ra8 24. Rfc1 Qd7 25. Rc4 Qe6 26. Qc2 Qd7 27. Ra4 Rec8 28. Qa2
Qe8 29. axb6 axb6 30. Ra6 Rxa6 31. bxa6 Qc6 32. Qb3 Ra8 33. Qxb6 Rxa6 34. Qb8+
Bf8 35. Qxe5 Bd6 36. Qf6 Ra2 37. Rb8+ Bxb8 38. Qxc6 Rxe2+ 39. Bf2 Kg7 40. Qxc5
Ra2 41. Kh3 Ba7 42. Bd4+ {Black resigns} 1-0

[Event "Team 45 45 League T94"]
[Site "Internet Chess Club"]
[Date "2022.12.02"]
[Round "8"]
[White "Portola"]
[Black "room-matt"]
[Result "0-1"]
[WhiteElo "1693"]
[BlackElo "1813"]
[Opening "Colle system"]
[ECO "D02"]
[Time "07:16:37"]
[PlyCount "64"]
[TimeControl "2700+45"]

1. d4 Nf6 2. Nf3 d5 3. c3 c5 4. e3 e6 5. Bd3 c4 6. Bc2 Be7 7. Nbd2 Nc6 8. Qe2
Rb8 9. e4 b5 10. O-O Qc7 11. Re1 O-O 12. e5 Nd7 13. Nf1 b4 14. Ng5 bxc3 15. bxc3
h6 16. Nxe6 fxe6 17. Qg4 Ndxe5 18. dxe5 Nxe5 19. Qg3 Bd6 20. Rxe5 Bxe5 21. Qg6
Bxc3 22. Qh7+ Kf7 23. Rb1 Rxb1 24. Bxb1 Ke8 25. Ba3 Rf4 26. Bg6+ Kd7 27. g3 Rg4
28. Ne3 Rg5 29. h4 Rxg3+ 30. fxg3 Qxg3+ 31. Ng2 Bd4+ 32. Kh1 Qh3# {White
checkmated} 0-1

[Event "Team 45 45 League T94"]
[Site "Internet Chess Club"]
[Date "2022.12.03"]
[Round "8"]
[White "Electryon"]
[Black "rubo"]
[Result "0-1"]
[WhiteElo "1461"]
[BlackElo "1476"]
[Opening "English: symmetrical, Botvinnik system"]
[ECO "A36"]
[Time "14:00:33"]
[PlyCount "34"]
[TimeControl "2700+45"]

1. c4 c5 2. Nc3 Nc6 3. g3 g6 4. Bg2 Bg7 5. e4 Nf6 6. Nge2 d6 7. d3 O-O 8. O-O
Nd4 9. h3 Bd7 10. Be3 e5 11. Qd2 Bxh3 12. Bh6 Bxg2 13. Kxg2 Qd7 14. Nxd4 cxd4
15. Nd5 Nxd5 16. Bxg7 Nf4+ 17. Qxf4 exf4 {White resigns} 0-1

[Event "Team 45 45 League T94"]
[Site "Internet Chess Club"]
[Date "2022.12.03"]
[Round "8"]
[White "DaveTheRook"]
[Black "SeniorCitizen"]
[Result "1/2-1/2"]
[WhiteElo "1400"]
[BlackElo "1265"]
[Opening "Queen's gambit declined"]
[ECO "D30"]
[Time "15:00:27"]
[PlyCount "93"]
[TimeControl "2700+45"]

1. d4 d5 2. c4 e6 3. cxd5 exd5 4. Nf3 Nf6 5. Bg5 Be7 6. e3 O-O 7. Be2 Nbd7 8.
O-O Ne4 9. Bxe7 Qxe7 10. Qb3 c6 11. Nc3 Nb6 12. Qd1 Bf5 13. Nxe4 Bxe4 14. b3 Nd7
15. Bd3 h6 16. Bxe4 Qxe4 17. Nd2 Qg6 18. Qf3 Nf6 19. Rac1 Ne4 20. Nxe4 Qxe4 21.
Qxe4 dxe4 22. Rc5 Rad8 23. Rfc1 Rd5 24. Rxd5 cxd5 25. Rc5 Rd8 26. Kf1 Rd7 27.
Ke2 Kf8 28. Rc8+ Ke7 29. Kd2 Kd6 30. h3 f5 31. g3 Rc7 32. Rxc7 Kxc7 33. Kc3 g6
34. Kb4 Kb6 35. a3 a6 36. a4 a5+ 37. Kc3 Kc6 38. Kd2 b5 39. Ke2 b4 40. h4 Kd6
41. Kf1 g5 42. hxg5 hxg5 43. Kg2 g4 44. Kf1 Ke6 45. Ke2 Kf6 46. Kf1 Kg5 47. Kg2
{Game drawn by mutual agreement} 1/2-1/2

[Event "Team 45 45 League T94"]
[Site "Internet Chess Club"]
[Date "2022.12.03"]
[Round "8"]
[White "scostanzo212"]
[Black "Lawkeito"]
[Result "1/2-1/2"]
[WhiteElo "1572"]
[BlackElo "1617"]
[Opening "Nimzo-Indian: 4.e3 O-O, 5.Bd3"]
[ECO "E47"]
[Time "10:10:18"]
[PlyCount "98"]
[TimeControl "2700+45"]

1. d4 Nf6 2. c4 e6 3. Nc3 Bb4 4. e3 O-O 5. Bd3 c5 6. Nf3 b6 7. a3 Bxc3+ 8. bxc3
d5 9. O-O Nc6 10. Qc2 Ba6 11. cxd5 Bxd3 12. Qxd3 exd5 13. Bb2 Re8 14. c4 dxc4
15. Qxc4 Na5 16. Qa4 cxd4 17. Bxd4 Qd6 18. Rac1 Rac8 19. Bc3 Rc4 20. Bb4 Qc6 21.
Qxc6 Rxc6 22. Bxa5 Rxc1 23. Rxc1 bxa5 24. Rc7 Rb8 25. h3 h6 26. Rxa7 Rb1+ 27.
Kh2 Ne4 28. Rxa5 Nxf2 29. Kg3 Nd3 30. Nd4 Ra1 31. a4 Nb2 32. Ra8+ Kh7 33. a5 Nc4
34. Kf4 Rxa5 35. Rxa5 Nxa5 36. g4 Kg6 37. e4 Nc4 38. e5 Nb6 39. Nf3 Nd7 40. Nh4+
Kh7 41. Nf5 Nf8 42. Ne7 g6 43. Nd5 Ne6+ 44. Kg3 Kg7 45. h4 Nd8 46. Kf4 Nc6 47.
Ke4 Kf8 48. h5 Ne7 49. Nf6 Kg7 {Game drawn by mutual agreement} 1/2-1/2

[Event "Team 45 45 League T94"]
[Site "Internet Chess Club"]
[Date "2022.11.30"]
[Round "8"]
[White "manfredo"]
[Black "Kingofknights"]
[Result "1-0"]
[WhiteElo "1522"]
[BlackElo "1483"]
[Opening "Caro-Kann: Tartakower (fantasy) variation"]
[ECO "B12"]
[Time "17:31:08"]
[PlyCount "101"]
[TimeControl "2700+45"]

1. e4 c6 2. d4 d5 3. f3 e6 4. e5 c5 5. c3 cxd4 6. cxd4 Nc6 7. f4 Qb6 8. Nf3 Bd7
9. a3 Nh6 10. Nc3 Na5 11. b4 Nc4 12. Na4 Qc7 13. Bd3 Be7 14. O-O a5 15. bxa5
Rxa5 16. Nb2 Nxa3 17. Bd2 Ra7 18. Qe2 b5 19. Rfc1 Nc4 20. Nxc4 bxc4 21. Bc2 Rxa1
22. Rxa1 O-O 23. Ba5 Qb7 24. Rb1 Qa7 25. Bc3 Rb8 26. Ra1 Qb7 27. Rb1 Qc7 28. Ra1
Bb4 29. Bxb4 Rxb4 30. Ra8+ Rb8 31. Ra1 g6 32. Qe1 Kg7 33. h3 Rb2 34. Qf2 Ng8 35.
g4 h6 36. h4 Ne7 37. h5 Nc6 38. hxg6 Nb4 39. gxf7 Qd8 40. g5 Rxc2 41. gxh6+ Kxf7
42. Qg3 Qg8 43. Ng5+ Kf8 44. Nxe6+ Kf7 45. Ng5+ Ke7 46. h7 Qg7 47. Qh4 Qh8 48.
Qh6 Ra2 49. Qd6+ Kd8 50. Rxa2 Nxa2 51. Nf7+ {Black resigns} 1-0

[Event "Team 45 45 League T94"]
[Site "Internet Chess Club"]
[Date "2022.12.04"]
[Round "8"]
[White "Signofthetimes"]
[Black "fvafier"]
[Result "1-0"]
[WhiteElo "1570"]
[BlackElo "1548"]
[Opening "French defense"]
[ECO "C00"]
[Time "09:00:27"]
[PlyCount "117"]
[TimeControl "2700+45"]

1. e4 e6 2. Nf3 d5 3. exd5 exd5 4. d4 Nf6 5. Bg5 c5 6. Bb5+ Nc6 7. O-O Be7 8.
Bxc6+ bxc6 9. Ne5 Qc7 10. Re1 Be6 11. dxc5 Bxc5 12. Bxf6 gxf6 13. Nd3 Bd6 14.
Qh5 O-O-O 15. Nd2 Rdg8 16. Qh4 Rg6 17. g3 Be7 18. Nf4 f5 19. Nxe6 fxe6 20. Qd4
Bf6 21. Qb4 e5 22. c4 d4 23. Rad1 Be7 24. Qb3 c5 25. Qf3 Rf8 26. Qa8+ Kd7 27.
Qd5+ Rd6 28. Qxe5 Bf6 29. Qxf5+ Kc6 30. Re6 Rxe6 31. Qxe6+ Qd6 32. Qxd6+ Kxd6
33. Ne4+ Kc6 34. Nxf6 Rxf6 35. f4 Re6 36. Kf2 a5 37. Rd2 Kd7 38. Re2 Rf6 39. Kf3
h5 40. Re5 Kc6 41. Rxh5 Re6 42. Re5 Rd6 43. Ke2 Rh6 44. h4 Rg6 45. Kf3 a4 46. f5
Rg8 47. Re6+ Kd7 48. Re5 Kd6 49. Rd5+ Kc6 50. Re5 Rb8 51. Re2 Kd6 52. g4 Rf8 53.
h5 Rf7 54. Kf4 Rf8 55. g5 Rb8 56. h6 Rb4 57. h7 Rxc4 58. Re4 d3 59. h8=Q {Black
resigns} 1-0

[Event "Team 45 45 League T94"]
[Site "Internet Chess Club"]
[Date "2022.12.04"]
[Round "8"]
[White "Denis240964"]
[Black "tightfist"]
[Result "0-1"]
[WhiteElo "1357"]
[BlackElo "1462"]
[Opening "French: Rubinstein variation"]
[ECO "C10"]
[Time "18:00:44"]
[PlyCount "108"]
[TimeControl "2700+45"]

1. e4 e6 2. d4 d5 3. Nc3 dxe4 4. Nxe4 Nd7 5. Nf3 Ngf6 6. Ng3 Bd6 7. c3 O-O 8.
Qd3 Re8 9. Ne4 Nxe4 10. Qxe4 Nf6 11. Qh4 e5 12. Be2 exd4 13. Qxd4 Re4 14. Qd3
Qe7 15. Ng1 Bf5 16. Be3 Re5 17. Qd1 Rd5 18. Qb3 c6 19. h3 b5 20. Nf3 a5 21. a4
Bc5 22. Nd4 Bxd4 23. cxd4 b4 24. O-O Re8 25. Bf3 Be4 26. Be2 Rf5 27. Bd3 Bd5 28.
Qc2 Be4 29. Rae1 Bxd3 30. Qxd3 Qd7 31. Bd2 Rfe5 32. Be3 h6 33. Qc4 Re4 34. Rc1
R8e6 35. Qa6 Qc7 36. Rc5 Nd5 37. Rfc1 Nxe3 38. fxe3 Rxe3 39. Rxc6 Re1+ 40. Rxe1
Rxe1+ 41. Kf2 Qe7 42. Rc8+ Kh7 43. Qd3+ g6 44. g3 Re6 45. Rc4 Rf6+ 46. Kg2 Qe1
47. Rc2 Re6 48. d5 Re3 49. Qxe3 Qxe3 50. Kh2 Qd3 51. Rc5 Qe2+ 52. Kh1 Qf3+ 53.
Kh2 Qf2+ 54. Kh1 Qxc5 {White resigns} 0-1

[Event "Team 45 45 League T94"]
[Site "Internet Chess Club"]
[Date "2022.12.02"]
[Round "8"]
[White "mongmong"]
[Black "tightfist"]
[Result "1/2-1/2"]
[WhiteElo "1511"]
[BlackElo "1450"]
[Opening "Queen's pawn game"]
[ECO "D05"]
[Time "20:32:46"]
[PlyCount "80"]
[TimeControl "2700+45"]

1. d4 Nf6 2. Nf3 d5 3. e3 e6 4. Bd3 Bd6 5. Nbd2 O-O 6. O-O b6 7. e4 dxe4 8. Nxe4
Bb7 9. Qe2 Nbd7 10. Bg5 Be7 11. c3 Nxe4 12. Bxe7 Qxe7 13. Bxe4 Bxe4 14. Qxe4 Nf6
15. Qe5 Qd6 16. Rfe1 Qxe5 17. Rxe5 Rfd8 18. Rae1 Rd5 19. h3 Kf8 20. Kf1 Rad8 21.
R1e2 h6 22. g4 Nd7 23. Rxd5 exd5 24. Nh4 g6 25. f4 Re8 26. Nf3 Rxe2 27. Kxe2 Ke7
28. Ke3 Kf6 29. h4 b5 30. Ne5 Nxe5 31. fxe5+ Ke6 32. Kf4 f6 33. exf6 Kxf6 34. b3
g5+ 35. hxg5+ hxg5+ 36. Ke3 a5 37. a3 c6 38. Kd3 Ke6 39. c4 Kd6 40. Kc3 Ke6
{Game drawn by mutual agreement} 1/2-1/2

[Event "Team 45 45 League T94"]
[Site "Internet Chess Club"]
[Date "2022.12.01"]
[Round "8"]
[White "olivermx"]
[Black "Kingofknights"]
[Result "0-1"]
[WhiteElo "1333"]
[BlackElo "1493"]
[Opening "Caro-Kann: advance variation"]
[ECO "B12"]
[Time "18:00:22"]
[PlyCount "80"]
[TimeControl "2700+45"]

1. e4 c6 2. d4 d5 3. e5 c5 4. c3 cxd4 5. cxd4 Nc6 6. Nf3 Bg4 7. Nbd2 Nxd4 8.
Qa4+ Bd7 9. Qxd4 e6 10. b3 Ne7 11. Bd3 Nc6 12. Qh4 Be7 13. Qg4 h5 14. Qxg7 Rf8
15. O-O Nb4 16. Be2 Qb6 17. Bb2 O-O-O 18. Qg3 Rg8 19. Qh3 h4 20. Rfc1+ Kb8 21.
Bd4 Qa5 22. a3 Nc6 23. b4 Qa4 24. Ne1 Nxd4 25. Qd3 Nxe2+ 26. Qxe2 h3 27. g3 Bc6
28. Nd3 Qa6 29. Nb3 Bb5 30. Rd1 Rc8 31. Nd4 Bc4 32. Qe3 Bxd3 33. Qxd3 Qxd3 34.
Rxd3 Rc4 35. Nb3 Rgc8 36. Na5 Rc1+ 37. Rd1 R1c3 38. Rdb1 Bd8 39. Nb3 Bb6 40. Rc1
Rxb3 {White resigns} 0-1

[Event "Team 45 45 League T94"]
[Site "Internet Chess Club"]
[Date "2022.12.05"]
[Round "8"]
[White "Toalla"]
[Black "axelcaffe2010"]
[Result "0-1"]
[WhiteElo "1139"]
[BlackElo "1194"]
[Opening "Ruy Lopez: Berlin defense, Beverwijk variation"]
[ECO "C65"]
[Time "18:07:51"]
[PlyCount "86"]
[TimeControl "2700+45"]

1. e4 e5 2. Nf3 Nc6 3. Bb5 Nf6 4. O-O Bc5 5. d3 O-O 6. Nc3 Re8 7. Bg5 a6 8. Bc4
d6 9. h3 Be6 10. Nd5 Bxd5 11. Bxd5 h6 12. Bh4 Rb8 13. c3 Ne7 14. Bxf6 gxf6 15.
Nh4 Kg7 16. Qg4+ Ng6 17. Nf5+ Kf8 18. Nxh6 Re7 19. Nxf7 Rxf7 20. Bxf7 Kxf7 21.
g3 Qh8 22. h4 Rg8 23. Qd7+ Ne7 24. Kh2 Bb6 25. Rae1 Rd8 26. Qg4 Qh6 27. f4 Rg8
28. Qf3 Ng6 29. Re2 exf4 30. gxf4 Nxh4 31. Qh3 Qh5 32. Qd7+ Kf8 33. Qd8+ Kg7 34.
Qe7+ Kh8 35. Qxf6+ Kh7 36. Qe7+ Rg7 37. Qxg7+ Kxg7 38. Rg2+ Nxg2+ 39. Kxg2 Qg4+
40. Kh2 Kh6 41. f5 Kh5 42. f6 Kh4 43. f7 Qh3# {White checkmated} 0-1

[Event "Team 45 45 League T94"]
[Site "Internet Chess Club"]
[Date "2022.12.02"]
[Round "8"]
[White "GINGERsar"]
[Black "kabubi"]
[Result "1-0"]
[WhiteElo "1205"]
[BlackElo "1170"]
[Opening "Two knights defense"]
[ECO "C57"]
[Time "20:01:28"]
[PlyCount "35"]
[TimeControl "2700+45"]

1. e4 e5 2. Nf3 Nc6 3. Bc4 Nf6 4. Ng5 h6 5. Nxf7 Qe7 6. Nxh8 Qd8 7. Ng6 Bc5 8.
Nc3 a6 9. d3 b5 10. Bd5 Bxf2+ 11. Kxf2 Ng4+ 12. Ke1 d6 13. Qf3 Nf6 14. Bxc6+ Kf7
15. Bxa8 Kxg6 16. Qg3+ Kh7 17. Be3 Nh5 18. Qf3 {Black resigns} 1-0

[Event "Team 45 45 League T94"]
[Site "Internet Chess Club"]
[Date "2022.12.01"]
[Round "8"]
[White "Electryon"]
[Black "burlap"]
[Result "1-0"]
[WhiteElo "1478"]
[BlackElo "1308"]
[Opening "English opening"]
[ECO "A16"]
[Time "11:00:34"]
[PlyCount "79"]
[TimeControl "2700+45"]

1. c4 Nf6 2. Nc3 g6 3. g3 Bg7 4. Bg2 O-O 5. e4 d6 6. Nge2 c5 7. O-O Nc6 8. d3 a6
9. h3 Rb8 10. a4 Ne8 11. Be3 Nc7 12. d4 cxd4 13. Nxd4 Ne6 14. Nde2 Nc5 15. Rb1
Nb4 16. b3 Bd7 17. Nd5 Nxd5 18. exd5 e6 19. dxe6 fxe6 20. Qxd6 b6 21. Bxc5 bxc5
22. Qxc5 Rc8 23. Qd6 Qc7 24. Qxc7 Rxc7 25. Rbd1 Bh6 26. Rd6 Rc6 27. Bxc6 Bxc6
28. Rxc6 Rb8 29. Rxe6 Rxb3 30. Rxa6 Rb4 31. c5 Rc4 32. c6 Rc5 33. Rd1 Bf8 34.
Rd7 Rc2 35. c7 Bd6 36. Ra8+ Bf8 37. c8=Q Rxc8 38. Rxc8 h5 39. Nf4 g5 40. Ne6
{Black resigns} 1-0

[Event "Team 45 45 League T94"]
[Site "Internet Chess Club"]
[Date "2022.12.05"]
[Round "8"]
[White "jjmolina1"]
[Black "BlueStorm"]
[Result "1/2-1/2"]
[WhiteElo "1446"]
[BlackElo "1541"]
[Opening "King's pawn game"]
[ECO "C50"]
[Time "09:00:07"]
[PlyCount "80"]
[TimeControl "2700+45"]

1. e4 e5 2. Nf3 Nc6 3. Bc4 h6 4. O-O Bc5 5. Nc3 Nf6 6. d3 O-O 7. Be3 Nd4 8. Nxe5
d6 9. Bxd4 Bxd4 10. Nf3 Bg4 11. h3 Bh5 12. g4 Bxc3 13. bxc3 Bg6 14. Nh4 Bh7 15.
Nf5 Bxf5 16. exf5 d5 17. Bb3 c6 18. Re1 Re8 19. Qf3 Qd6 20. Re3 Rxe3 21. fxe3
Re8 22. Re1 Qe5 23. c4 dxc4 24. Bxc4 b5 25. Bb3 c5 26. c4 b4 27. e4 Rd8 28. Rd1
Rd4 29. Kg2 a5 30. Qg3 Qxg3+ 31. Kxg3 Nd7 32. Kf2 Ne5 33. Ke2 f6 34. Ba4 Kf7 35.
Bb5 Ke7 36. Ba6 Kd6 37. Bb7 Ke7 38. Bd5 Kd6 39. Ke3 Ke7 40. Rd2 Kd6 {Game drawn
by mutual agreement} 1/2-1/2

[Event "Team 45 45 League T94"]
[Site "Internet Chess Club"]
[Date "2022.12.03"]
[Round "8"]
[White "BrerRabbit"]
[Black "Constrictor"]
[Result "1/2-1/2"]
[WhiteElo "1346"]
[BlackElo "1430"]
[Opening "Queen's pawn game, Darooha variation "] [ECO "D02"] [Time "11:02:24"] [PlyCount "32"] [TimeControl "2700+45"]

1. d4 Nf6 2. Nf3 d5 3. g3 c6 4. Bg2 Bf5 5. c4 e6 6. Nc3 Nbd7 7. Qb3 Qb6 8. c5
Qxb3 9. axb3 Be7 10. b4 O-O 11. h3 a6 12. g4 Bc2 13. Bf4 Ne4 14. Ne5 Nxe5 15.
Bxe5 Nxc3 16. bxc3 Rfc8 {Game drawn by mutual agreement} 1/2-1/2

[Event "Team 45 45 League T94"]
[Site "Internet Chess Club"]
[Date "2022.12.05"]
[Round "8"]
[White "oldbookseller"]
[Black "stantheman59"]
[Result "0-1"]
[WhiteElo "881"]
[BlackElo "1166"]
[Opening "Queen's pawn game"]
[ECO "D04"]
[Time "15:02:41"]
[PlyCount "52"]
[TimeControl "2700+45"]

1. d4 d5 2. Nf3 Nf6 3. e3 c5 4. b3 Nc6 5. Bb2 cxd4 6. exd4 Bg4 7. Be2 Bd7 8. O-O
Qc7 9. h3 O-O-O 10. Nbd2 Kb8 11. c4 e6 12. Bc3 h6 13. c5 g5 14. b4 g4 15. Ne5
Nxe5 16. dxe5 Ne4 17. Qc2 Nxc3 18. Qxc3 gxh3 19. gxh3 Bg7 20. Nf3 Rhg8 21. Rfb1
Bxe5+ 22. Kf1 Bxc3 23. b5 Bxa1 24. Rxa1 Qxc5 25. Ne5 Qc3 26. b6 Qxa1+ {White
resigns} 0-1